 Dungeon Crawl Stone Soup version 0.26-a0-660-gc07710193c (webtiles) character file.

Game seed: 13726408039419794720

8550 robertstho the Grappler (level 11, -1/157 HPs)
             Began as a Troll Berserker on Oct 6, 2020.
             Was a High Priest of Trog.
             Killed by divine providence
             ... invoked by an orc priest
              (11 damage)
             ... on level 8 of the Dungeon.
             The game lasted 00:10:14 (6159 turns).

robertstho the Grappler (Troll Berserker)           Turns: 6159, Time: 00:10:16

Health: -1/157     AC:  8    Str: 28    XL:     11   Next: 11%
Magic:  10/10      EV: 11    Int:  5    God:    Trog [*****.]
Gold:   621        SH:  0    Dex:  9    Spells: 10/10 levels left

rFire    . . .     SeeInvis .     - Unarmed
rCold    . . .     Faith    .   (no shield)
rNeg     . . .     Spirit   .   s - +1 robe {MR+}
rPois    .         Reflect  .   (helmet restricted)
rElec    .         Harm     .   r - +0 cloak
rCorr    .         Rampage  .   (gloves unavailable)
MR       +....                  (boots unavailable)
Stlth    ..........             x - amulet of regeneration
HPRegen  1.16/turn              (no ring)
MPRegen  0.12/turn              (no ring)

@: berserking, lethally poisoned (-1 -> -23), very quick
A: large, unfitting armour, claws 3, regeneration 1, shaggy fur 1, tough skin 3
a: Berserk, Trog's Hand, Brothers in Arms, Renounce Religion


You were on level 8 of the Dungeon.
You worshipped Trog.
Trog was extremely pleased with you.
You visited 1 branch of the dungeon, and saw 9 of its levels.

You collected 621 gold pieces.

Inventory:

Hand Weapons
 a - a +4 dire flail of protection
 m - a +2 spectral club
 q - a +4 quarterstaff of chaos
 t - a +1 great mace of holy wrath
Armour
 r - a +0 cloak (worn)
 s - a +1 robe of magic resistance (worn)
Jewellery
 h - an uncursed amulet of faith
 x - an amulet of regeneration (around neck)
Wands
 p - a wand of flame (10)
Scrolls
 b - 5 scrolls of teleportation {unknown}
 c - a scroll of noise {unknown}
 d - 5 scrolls of blinking {unknown}
 e - a scroll of fog {unknown}
 f - 6 scrolls of remove curse {unknown}
 j - a scroll of immolation {unknown}
 l - 2 scrolls of magic mapping {unknown}
 v - a scroll of enchant weapon {unknown}
 w - a scroll of amnesia {unknown}
 y - 2 scrolls of vulnerability {unknown}
 C - 4 scrolls of fear {unknown}
 E - a scroll of summoning
Potions
 g - 3 potions of resistance
 i - 6 potions of curing
 k - a potion of heal wounds
 n - a potion of invisibility
 o - a potion of flight
 u - a potion of magic {unknown}
 z - a potion of stabbing {unknown}
 A - a potion of ambrosia
 B - 3 potions of lignification
 D - a potion of might
 F - a potion of mutation {unknown}
 G - a potion of brilliance {unknown}


   Skills:
 * Level 5.7 Fighting
 + Level 5.2 Dodging
 + Level 1.4 Stealth
 * Level 14.5 Unarmed Combat


You had 10 spell levels left.
You didn't know any spells.
Your spell library was empty.

Dungeon Overview and Level Annotations

Branches:
Dungeon (9/15)             Temple (0/1) D:7            Lair (0/6) D:8
    Orc: D:9-12

Altars:
Fedhas
Kikubaaqudgha
Makhleb
Okawaru
Uskayaw
Wu Jian
Zin


Innate Abilities, Weirdness & Mutations

You are too large for most types of armour.
You have claws for hands.
Your natural rate of healing is unusually fast.
You are covered in fur. (AC +1)
You have extremely tough skin. (AC +3)


Message History

You mangle the scorpion!!
You kill the scorpion!
Trog accepts your kill.
You feel sick. The water moccasin closely misses you.
The orc wizard hits the plant but does no damage.
The orc wizard casts a spell.
The orc wizard blinks!
You miss the water moccasin.
The water moccasin is severely wounded.
You feel sick.
A nearby plant withers and dies. x2
The water moccasin bites you.
* * * LOW HITPOINT WARNING * * *
You are more poisoned.
The water moccasin poisons you! The water moccasin bites you.
* * * LOW HITPOINT WARNING * * *
You are more poisoned.
The water moccasin poisons you!
The orc priest invokes the aid of Beogh against you.
Beogh smites you!
You die...

# ..##.# ###.## ## #(
#.##.#####..## ##.
##.####.##.......#.###.#
#..P.P..##.#####.##...##
......P.....####.###.##
.......P.....†)..# #.#
....PP......o###.# #.###
........P....###.# #....
.....oS@.P.....#.# #####
.P....SP)PPP...#.#
..P!..oP.PPP...#.#
.PP.>.oP§.PP.....#
....PPP......P...#
P.)P...PP......#.
.P....P..P.PP.#
PP.P.P..P..P..#


You could see 2 water moccasins, an orc priest, 2 orc wizards and an orc.

Vanquished Creatures
  3 two-headed ogres
  An ugly thing (D:9)
  A troll (D:9)
  Sigmund (D:3)
  A vampire (D:9)
  3 wyverns
  Edmund (D:4)
  2 water moccasins (D:8)
  4 orc warriors
  3 sky beasts
  3 black bears (D:8)
  An eye of draining (D:9)
  2 phantoms (D:5)
  2 centaurs
  9 ogres
  2 big kobolds (D:5)
  5 bullfrogs
  A wyvern zombie (D:9)
  3 scorpions
  11 killer bees
  A howler monkey (D:9)
  4 hounds
  8 orc wizards
  Crazy Yiuf (D:3)
  8 orc priests
  A bullfrog skeleton (D:8)
  A centaur skeleton (D:7)
  Ijyb (D:3)
  3 iguanas
  6 worker ants
  A hound zombie (D:7)
  A hound skeleton (D:9)
  Robin (D:3)
  4 gnolls
  11 adders
  A shadow imp (D:5)
  2 white imps
  3 ufetubi
  7 oozes
  2 adder skeletons
  2 adder zombies
  4 worms
  3 dart slugs
  6 leopard geckos
  27 orcs
  11 giant cockroaches
  13 goblins
  11 hobgoblins
  23 jackals
  5 quokkas
  3 ball pythons
  3 bats
  4 frilled lizards
  20 kobolds
  A quokka skeleton (D:3)
  6 rats
268 creatures vanquished.

Vanquished Creatures (collateral kills)
  A deep elf mage (D:9)
  A vampire mosquito (D:9)
  A phantom (D:9)
  A howler monkey (D:9)
  4 orcs (D:9)
8 creatures vanquished.

Vanquished Creatures (others)
  31 fungi (D:8)
  26 plants (D:8)
57 creatures vanquished.

Grand Total: 333 creatures vanquished

Notes
Turn   | Place    | Note
-------+----------+-------------------------------------------
     0 | D:1      | robertstho the Troll Berserker began the quest for the Orb.
     0 | D:1      | Reached XP level 1. HP: 22/22 MP: 0/0
     1 | D:1      | Found a runed translucent door.
    26 | D:1      | Reached XP level 2. HP: 29/29 MP: 1/1
   279 | D:1      | Reached ** piety under Trog
   289 | D:1      | Reached XP level 3. HP: 36/36 MP: 2/2
   457 | D:1      | Reached skill level 4 in Unarmed Combat
   482 | D:1      | Reached XP level 4. HP: 45/45 MP: 3/3
   956 | D:2      | Reached XP level 5. HP: 52/53 MP: 4/4
  1047 | D:3      | Reached skill level 5 in Unarmed Combat
  1054 | D:3      | Noticed Robin
  1061 | D:3      | Killed Robin
  1083 | D:3      | Noticed Sigmund
  1100 | D:3      | Killed Sigmund
  1100 | D:3      | Reached *** piety under Trog
  1100 | D:3      | Reached skill level 6 in Unarmed Combat
  1100 | D:3      | Reached XP level 6. HP: 40/61 MP: 5/5
  1479 | D:3      | Found an ancient bone altar of Kikubaaqudgha.
  1677 | D:3      | Found a burning altar of Makhleb.
  1743 | D:3      | Found a runed translucent door.
  1744 | D:3      | Noticed Crazy Yiuf
  1878 | D:3      | Noticed Ijyb
  1889 | D:3      | Killed Ijyb
  2077 | D:3      | Killed Crazy Yiuf
  2077 | D:3      | Reached XP level 7. HP: 18/67 MP: 1/6
  2184 | D:4      | Noticed Edmund
  2195 | D:4      | Killed Edmund
  2195 | D:4      | Reached skill level 7 in Unarmed Combat
  2586 | D:5      | Entered Level 5 of the Dungeon
  2658 | D:5      | Found a blossoming altar of Fedhas.
  2677 | D:5      | Found a glowing silver altar of Zin.
  2680 | D:5      | Found a hide-covered altar of Uskayaw.
  2688 | D:5      | Reached skill level 8 in Unarmed Combat
  2718 | D:5      | Found an iron altar of Okawaru.
  2841 | D:5      | Reached XP level 8. HP: 70/78 MP: 7/7
  3007 | D:5      | Reached skill level 9 in Unarmed Combat
  3129 | D:5      | Reached **** piety under Trog
  3670 | D:6      | Reached skill level 10 in Unarmed Combat
  4199 | D:7      | Found a staircase to the Ecumenical Temple.
  4234 | D:7      | Reached XP level 9. HP: 67/85 MP: 8/8
  4449 | D:7      | Reached skill level 11 in Unarmed Combat
  4545 | D:7      | You fall into a shaft and drop 2 floors!
  4698 | D:9      | Reached ***** piety under Trog
  4772 | D:9      | Found an ornate altar of the Wu Jian Council.
  4776 | D:9      | Reached skill level 1 in Stealth
  4821 | D:9      | Noticed a two-headed ogre
  4832 | D:9      | Killed a two-headed ogre
  4832 | D:9      | Reached skill level 12 in Unarmed Combat
  4837 | D:9      | Reached XP level 10. HP: 33/94 MP: 9/9
  4847 | D:9      | Noticed a deep elf mage
  4856 | D:9      | Killed a deep elf mage
  4856 | D:9      | Reached skill level 5 in Fighting
  5155 | D:9      | Noticed a two-headed ogre
  5161 | D:9      | Killed a two-headed ogre
  5161 | D:9      | Reached skill level 13 in Unarmed Combat
  5240 | D:9      | Noticed a cyan ugly thing
  5248 | D:9      | Killed a cyan ugly thing
  5908 | D:8      | Reached skill level 5 in Dodging
  5908 | D:8      | Reached skill level 14 in Unarmed Combat
  6090 | D:8      | Found a staircase to the Lair.
  6136 | D:8      | Reached XP level 11. HP: 81/105 MP: 10/10
  6142 | D:8      | Noticed a two-headed ogre
  6155 | D:8      | Killed a two-headed ogre
  6159 | D:8      | Killed from afar by an orc priest

Illustrated notes

Levels and vault maps discovered:
D:1:      dpeg_arrival_caged_fury, layout_rooms
D:2:      layout_basic
D:3:      layout_loops_corners, lemuel_doored_altar, makhleb_heckhound_becter,
          uniq_ijyb, uniq_crazy_yiuf_cottage, uniq_sigmund, uniq_robin
D:4:      layout_rooms, kennysheep_small_circle, uniq_edmund
D:5:      cheibrodos_thug_alley, layout_loops_ring,
          grunt_temple_overflow_cloverleaf
D:6:      layout_basic
D:7:      layout_basic, minmay_temple_entry_statues_fountains, chequers_jeans,
          uniq_menkaure
D:8:      layout_loops_ring, due_lair_maze_entry_diamond,
          kennysheep_generic_room_8
D:9:      layout_layer_cave, lemuel_round_altar, minmay_bent

Skill      XL: |  1  2  3  4  5  6  7  8  9 10 |
---------------+-------------------------------+-----
Unarmed Combat | 4 6 8 10 12 14 | 14.5
Fighting       | 3 4 5 |  5.7
Dodging        | 3 4 5 |  5.2
Stealth        | 1 |  1.4

Action                   |  1- 3 |  4- 6 |  7- 9 | 10-12 || total
-------------------------+-------+-------+-------+-------++-------
Melee: Unarmed           |    88 |   176 |   311 |   154 ||   729
       Punch             |     2 |     4 |     9 |     6 ||    21
Invok: Berserk           |       |     2 |     6 |     2 ||    10
       Trog's Hand       |       |     1 |     2 |     1 ||     4
       Brothers in Arms  |       |       |     1 |     1 ||     2
  Use: Scroll            |       |       |    10 |     1 ||    11
 Stab: Sleeping          |       |     1 |     1 |     1 ||     3
Armor: Animal skin       |    28 |    63 |       |       ||    91
       Robe              |       |       |    91 |    42 ||   133
Dodge: Dodged            |    51 |    64 |   172 |    76 ||   363

Table legend: (Time is in decaauts)
 A = Elapsed time spent in this place.
 B = Non-inter-level travel time spent in this place.
 C = Inter-level travel time spent in this place.
 D = Time resting spent in this place.
 E = Time spent auto-exploring this place.
 F = Levels seen in this place.
 G = Mean time per level.
                   A        B        C        D        E       F      G
               +--------+--------+--------+--------+--------+-----+--------+
         Total |   6129 |   5909 |    220 |    166 |   4455 |   9 |  681.0 |
       Dungeon |   6129 |   5909 |    220 |    166 |   4455 |   9 |  681.0 |
               +--------+--------+--------+--------+--------+-----+--------+

Top non-repeatable levels by time:
     D:9: 1272 daAuts
     D:3: 1220 daAuts
     D:6: 764 daAuts
     D:5: 720 daAuts
     D:2: 522 daAuts
     D:1: 485 daAuts
     D:7: 449 daAuts
     D:4: 362 daAuts
     D:8: 331 daAuts
